 Dungeon Crawl Stone Soup version 0.14-a0-1817-gb992dfe (webtiles) character file.

6883 HollowCharge the Carver (level 10, -3/83 HPs)
             Began as a Demigod Skald on Jan 8, 2014.
             Killed from afar by an ogre mage (23 damage)
             ... with an orb of energy
             ... on Level 1 of the Abyss on Jan 9, 2014.
             The game lasted 01:25:23 (14888 turns).

HollowCharge the Carver (Demigod Skald)            Turns: 14888, Time: 01:25:23

HP  -3/83        AC  8     Str 18      XL: 10   Next: 44%
MP   9/23        EV 16     Int 17      God:
Gold 266         SH  0     Dex 19      Spells:  5 memorised,  5 levels left

rFire  . . .     SeeInvis .     o - +2,+3 great sword
rCold  . . .     Clarity  +     B - +2 orc leather armour
rNeg   + . .     Conserve .     (no shield)
rPois  .         rCorr    .     (no helmet)
rElec  .         rRot     .     (no cloak)
SustAb . .       Spirit   .     (no gloves)
rMut   .         Warding  .     h - +2 pair of elf boots
Saprov . . .     Stasis   .     w - amulet of clarity
                                (no ring)
                                v - ring of positive energy

@: regenerating (expiring), mildly poisoned, somewhat resistant to hostile
enchantments, fairly stealthy
A: no striking features
a: no special abilities


You were on level 1 of the Abyss.
You were not hungry.

You visited 1 branch of the dungeon, and saw 8 of its levels.
You visited the Abyss 1 time.
You also visited: Sewer.

You collected 266 gold pieces.

Inventory:

Hand weapons
 n - a +3,+2 falchion of freezing
 o - a +2,+3 great sword (weapon)
 p - a +0,+0 falchion of freezing
 y - a +0,+1 orcish falchion
Armour
 h - a +2 pair of elven boots (worn)
 r - a +1 orcish scale mail
 B - a +2 orcish leather armour (worn)
 D - a +1 ring mail
 I - a +0 troll hide
Magical devices
 i - a wand of fireball (5) {unknown}
 k - a wand of lightning (3) {unknown}
Comestibles
 d - a bread ration
 g - 2 meat rations
 z - 3 rotting chunks of giant frog flesh
Scrolls
 b - a scroll of amnesia
 e - a scroll of fog
 l - 7 scrolls of remove curse
 t - 3 scrolls of magic mapping
 A - a scroll of recharging {unknown}
Jewellery
 f - an uncursed amulet of conservation
 j - a cursed ring of hunger {unknown}
 q - an uncursed ring of teleportation
 v - a ring of positive energy (left hand)
 w - an amulet of clarity (around neck)
Potions
 m - a potion of restore abilities
 s - a potion of mutation
 u - a potion of speed
 x - 3 potions of magic
 C - a potion of agility
 E - a potion of brilliance
 G - a potion of porridge
Books
 a - a book of Transfigurations

   Spells                             Type                      Level
   Stoneskin                          Transmutation/Earth          2
   Ice Form                           Ice/Transmutation            4
   Statue Form                        Transmutation/Earth          6
   Dragon Form                        Transmutation                7
 c - a book of Battle

   Spells                             Type                      Level
   *Infusion                          Charms                       1
   *Shroud of Golubria                Charms/Translocation         2
   *Song of Slaying                   Charms                       2
   *Spectral Weapon                   Hexes/Charms                 3
   *Regeneration                      Charms/Necromancy            3


   Skills:
 - Level 6.1 Fighting
 + Level 9.5 Long Blades
 - Level 4.6 Armour
 - Level 6.4 Dodging
 + Level 3.7 Spellcasting
 - Level 6.0 Charms


You had 5 spell levels left.
You knew the following spells:

 Your Spells              Type           Power        Failure   Level  Hunger
a - Infusion              Chrm           ###...       1%          1    None
b - Shroud of Golubria    Chrm/Tloc      ##........   10%         2    ##.....
c - Song of Slaying       Chrm           ###.....     2%          2    ##.....
d - Regeneration          Chrm/Necr      ##........   17%         3    ###....
e - Spectral Weapon       Hex/Chrm       ##......     17%         3    ###....


Dungeon Overview and Level Annotations

Branches:
Dungeon (8/16)             Temple (0/1) D:5
   Lair: D:8-11

Shops:
D:7 /

Annotations:
D:5 Blork the orc
D:8 Psyche


Message History

The iron imp barely misses you.
You hit the iron imp!
You kill the iron imp!
You closely miss it. It barely misses you.
Casting: Infusion
Confirm with . or Enter, or press ? or * to list all spells.
Your skin crawls.
Your attacks are no longer magically infused.
Your attacks no longer feel as feeble.
It hits you.
* * * LOW HITPOINT WARNING * * *
You start resting.
Your skin is crawling a little less now.
It hits you.
* * * LOW HITPOINT WARNING * * *
You start resting.
It hits you but does no damage.
You start resting.
You hear some strange, mumbled words.
The orb of energy hits you!
You die...

.#. . .#.
. .. .
#.### . #
# ... .
### .# .
... . .
...#.## .
..# .#...
.# ... #
.# .. .##
. .. ..
.. . §
.... # .#
### §
.... . .
#@# 5...
... #
#.)#.4...
. # ####
.O # ...#
..... ..
. . .


There were no monsters in sight!

Vanquished Creatures
  A large abomination (Abyss:1)
  Pikel (D:5)
  An orange demon (Abyss:1)
  2 trolls
  A redback (D:8)
  A hippogriff (D:7)
  A wolf (D:8)
  A hill giant skeleton (D:8)
  2 hungry ghosts
  Edmund (D:8)
  A phantom (D:4)
  2 ice beasts (D:6)
  2 centaurs (D:5)
  2 black bears
  2 ogres
  2 slaves
  Duvessa (D:6)
  5 giant frogs
  3 gnoll sergeants (D:7)
  8 wights
  5 crimson imps
  4 goliath beetles
  Dowan (D:6)
  A giant frog zombie (D:5)
  A centaur zombie (D:8)
  4 scorpions
  An iron imp (Abyss:1)
  2 big fish (Sewer)
  2 jellies
  A yellow wasp zombie (D:7)
  4 orc priests
  3 gnoll shamans (D:7)
  13 hounds
  6 orc wizards
  2 iguanas
  8 worker ants
  A hound zombie (D:5)
  An ogre skeleton (D:7)
  A worker ant zombie (D:7)
  17 adders
  22 gnolls
  5 giant mites
  6 worms
  7 giant geckos
  2 oozes
  20 orcs
  4 ball pythons
  2 bat zombies (D:2)
  10 giant cockroaches
  9 hobgoblins
  20 jackals
  18 kobolds
  4 quokkas
  14 bats
  7 giant newts
  13 goblins
  2 goblin zombies (D:5)
  A quokka skeleton (D:4)
  14 rats
  2 rat zombies (D:2)
300 creatures vanquished.

Vanquished Creatures (others)
  4 spectral weapons
  An iguana (D:5)
5 creatures vanquished.

Grand Total: 305 creatures vanquished

Notes
Turn   | Place    | Note
--------------------------------------------------------------
     0 | D:1      | HollowCharge, the Demigod Skald, began the quest for the Orb.
     0 | D:1      | Reached XP level 1. HP: 17/17 MP: 3/3
    27 | D:1      | Reached skill level 1 in Dodging
   268 | D:1      | Reached skill level 1 in Armour
   549 | D:1      | Reached XP level 2. HP: 11/24 MP: 4/4
   659 | D:1      | Learned a level 2 spell: Shroud of Golubria
  1349 | D:2      | Found a bloodstained altar of Trog.
  1349 | D:2      | Found an iron altar of Okawaru.
  1480 | D:2      | Reached XP level 3. HP: 26/29 MP: 7/7
  1690 | D:2      | Found an ancient bone altar of Kikubaaqudgha.
  2219 | D:3      | Learned a level 2 spell: Song of Slaying
  2247 | D:3      | Reached XP level 4. HP: 37/37 MP: 9/9
  2677 | D:3      | Found a glowing silver altar of Zin.
  2944 | D:3      | Reached XP level 5. HP: 30/44 MP: 10/10
  3158 | D:3      | Reached skill level 3 in Long Blades
  3270 | D:3      | Found a glowing drain.
  3350 | Sewer    | Entered a sewer
  3520 | Sewer    | Reached XP level 6. HP: 41/51 MP: 13/13
  4025 | D:4      | Found a basalt altar of Yredelemnul.
  4091 | D:4      | Learned a level 3 spell: Regeneration
  4559 | D:5      | Entered Level 5 of the Dungeon
  4615 | D:5      | Reached skill level 4 in Long Blades
  4743 | D:5      | Reached XP level 7. HP: 58/58 MP: 15/15
  4777 | D:5      | Found a staircase to the Ecumenical Temple.
  5729 | D:5      | Noticed Pikel
  5730 | D:5      | Noticed Blork the orc
  6039 | D:5      | Noticed a troll
  6898 | D:6      | Noticed Dowan
  6918 | D:6      | Killed Dowan
  6918 | D:6      | Reached skill level 5 in Dodging
  6927 | D:6      | Noticed Duvessa
  6930 | D:6      | Reached skill level 5 in Long Blades
  6949 | D:7      | Reached skill level 5 in Fighting
  6949 | D:7      | Reached XP level 8. HP: 26/68 MP: 7/17
  7237 | D:8      | Noticed a griffon
  7867 | D:7      | Got a twisted plate armour
  8108 | D:7      | Reached skill level 6 in Fighting
  8175 | D:7      | Upgraded the game from 0.14-a0-1811-gdc2d5af to 0.14-a0-1817-gb992dfe
  8844 | D:8      | Reached XP level 9. HP: 10/75 MP: 15/18
  9158 | D:8      | Identified the +0 plate armour of Impatience {Stlth--} (You found it on level 7 of the Dungeon)
  9251 | D:7      | Found a sparkling altar of Nemelex Xobeh.
 10261 | D:7      | Found Umuddoun's Magical Wand Boutique.
 10397 | D:7      | Reached skill level 7 in Long Blades
 11027 | D:7      | Learned a level 3 spell: Spectral Weapon
 11708 | D:6      | Killed Duvessa
 11920 | D:6      | Found a radiant altar of Vehumet.
 12569 | D:6      | Reached skill level 8 in Long Blades
 12935 | D:5      | Killed Pikel
 12935 | D:5      | Reached skill level 5 in Charms
 13022 | D:5      | Killed a troll
 13022 | D:5      | Reached XP level 10. HP: 48/83 MP: 13/20
 13446 | D:8      | Noticed Edmund
 13496 | D:8      | Killed Edmund
 13841 | D:8      | Noticed Psyche
 14506 | D:8      | Reached skill level 9 in Long Blades
 14527 | D:8      | Found a glowing golden altar of the Shining One.
 14696 | D:8      | Found a shimmering altar of Xom.
 14790 | D:8      | Cast into the Abyss (Psyche)
 14798 | Abyss:1  | Found a corrupted altar of Lugonu.
 14847 | Abyss:1  | Noticed a large abomination
 14847 | Abyss:1  | Noticed a four-headed hydra
 14853 | Abyss:1  | Noticed an ogre mage
 14877 | Abyss:1  | Killed a large abomination
 14888 | Abyss:1  | Killed from afar by an ogre mage

Action                   |  1- 3 |  4- 6 |  7- 9 | 10-12 || total
-------------------------+-------+-------+-------+-------++-------
Melee: Falchion          |   200 |   282 |   917 |   132 ||  1531
       Great sword       |       |       |       |    80 ||    80
 Cast: Shroud of Golubri |     1 |     1 |    10 |       ||    12
       Infusion          |       |     2 |    17 |     9 ||    28
       Regeneration      |       |       |     8 |     6 ||    14
       Song of Slaying   |       |       |     4 |       ||     4
       Spectral Weapon   |       |       |     8 |     6 ||    14
  Use: Scroll            |     5 |     9 |    16 |     3 ||    33
       Potion            |       |       |     7 |       ||     7
 Stab: Sleeping          |       |     4 |     3 |       ||     7
       Distracted        |       |     1 |     1 |       ||     2
